Cogmind - Beta 13 @@@ ROGUE MODE // 2024.04.16 @ 20:24:08 Player: Zach Petti Result: Destroyed by G-34 Mercenary with Small Laser Performance ------------- Evolutions (1) 500 Regions Visited (3) 600 Robots Destroyed (24) 120 Value Destroyed (514) 514 Prototype IDs (0) 0 Alien Tech Used (0) 0 Bonus (85) 85 TOTAL SCORE: 1819 Bonus ------- Follower Combat Kills 85 Cogmind --------- Core Integrity 0/400 Matter 285/300 Energy 56/125 System Corruption 0% Temperature Cool (6) Movement Core (250) Ox4 Location -9/Materials Parts ------- > --- POWER (1) -------- Light Ion Engine > --- PROPULSION (3) --- (None) > --- UTILITY (3) ------ Medium Storage Unit > --- WEAPON (2) ------- (None) > --- INVENTORY (10) --- Medium Matter Pod (100) Peak State ------------ > --- POWER ------------ Light Ion Engine > --- PROPULSION ------- Aluminum Leg Aluminum Leg Aluminum Leg > --- UTILITY ---------- Improved Heat Sink Medium Storage Unit Core Shielding > --- WEAPON ----------- Particle Gun Particle Gun > --- INVENTORY -------- Medium Matter Pod Small Laser [Rating: 13] Favorites ----------- Power Light Ion Engine Engine Light Ion Engine Propulsion Aluminum Leg Leg Aluminum Leg Wheel Wheel Utility Medium Storage Unit Device Improved Heat Sink Storage Medium Storage Unit Protection Core Shielding Weapon Small Laser Energy Gun Small Laser Energy Cannon Beam Cannon Ballistic Gun Light Assault Rifle Launcher Grenade Launcher Special Weapon Mining Laser Build | -11 -10 -10 -9 ------- Run | Yrd Mat Min Mat Slots Evolved 2 | . . . 2 Power . | . . . . Propulsion 1 | . . . 1 Utility 1 | . . . 1 Weapon . | . . . . Parts Attached 36 | 5 18 6 7 Power 7 | 1 3 1 2 Engine 7 | 1 3 1 2 Core . | . . . . Reactor . | . . . . Propulsion 10 | 2 4 3 1 Treads . | . . . . Leg 9 | 2 3 3 1 Wheel 1 | . 1 . . Hover . | . . . . Flight . | . . . . Utility 5 | . 4 . 1 Device 1 | . . . 1 Storage 2 | . 2 . . Processor . | . . . . Hackware . | . . . . Protection 2 | . 2 . . Artifact . | . . . . Weapon 14 | 2 7 2 3 Energy Gun 8 | 2 2 2 2 Energy Cannon 1 | . . . 1 Ballistic Gun 2 | . 2 . . Ballistic Cannon . | . . . . Launcher 1 | . 1 . . Special Weapon 2 | . 2 . . Impact Weapon . | . . . . Slashing Weapon . | . . . . Piercing Weapon . | . . . . Special Melee Weapon . | . . . . Unidentified Prototypes . | . . . . Parts Lost 20 | . 7 1 12 Power 5 | . 2 1 2 Propulsion 4 | . 1 . 3 Utility 3 | . 1 . 2 Weapon 8 | . 3 . 5 Highest Loss Streak 8 | . 4 1 8 To Critical Strikes 1 | . 1 . . Average Slot Usage (%) 89 | . 91 93 78 Engine 9 | . 9 13 5 Leg 26 | . 27 28 20 Device 1 | . . . 10 Storage 17 | . 22 14 11 Protection 7 | . 2 14 10 Energy Gun 16 | . 13 22 16 Ballistic Gun 2 | . 4 . . Launcher 4 | . 9 . . Naked Turns . | . . . . Heaviest Build 21 | 7 21 20 21 Greatest Support 30 | 20 20 20 30 Greatest Overweight (x) 5 | . 1 . 5 Average Overweight (x) . | . . . . Largest Inventory Capacity 10 | 5 10 10 10 Average Capacity 9 | 5 9 10 10 Most Carried 6 | 4 5 6 3 Average Carried 3 | 1 3 3 2 Final Capacity 10 | 5 10 10 10 Final Carried 5 | 3 5 4 1 Class Distribution -------------------- 59% | Mutant 40% | Scavenger-Mutant Dominant Class ---------------- Mutant | -10/Materials Scavenger-Mutant | -10/Mines Scavenger-Mutant | -9/Materials Resources | -11 -10 -10 -9 ----------- Run | Yrd Mat Min Mat Matter Collected 743 | 250 299 194 . Remotely . | . . . . Salvage Created 478 | 35 162 204 77 Parts 47 | 2 22 12 11 Haulers Intercepted . | . . . . Recyclers Shooed 1 | . 1 . . Parts Field Recycled . | . . . . Retrieved Matter . | . . . . Parts Self-Destructed . | . . . . Prevented . | . . . . Kills | -11 -10 -10 -9 ------- Run | Yrd Mat Min Mat Combat Hostiles Destroyed 22 | 1 11 7 3 Guns 16 | 1 6 7 2 Cannons 1 | . . . 1 AOE 5 | . 5 . . Classes Destroyed 4 | 1 2 . 1 Watcher 2 | . 2 . . Swarmer 14 | . 9 3 2 Grunt 7 | 1 2 4 . Sentry 1 | . . . 1 Best Kill Streak 5 | 1 3 5 2 Combat Bots Only 5 | 1 3 5 2 Max Kills in Single Turn 2 | 1 2 1 1 Gunslinging 1 | . 1 . . Exploded 2 | . 2 . . Melee . | . . . . Uniques/NPCs Destroyed . | . . . . Combat | -11 -10 -10 -9 -------- Run | Yrd Mat Min Mat Hostile Shots Fired 270 | 2 107 40 121 Missed 71 | 1 28 11 31 Damage Taken 2184 | 10 743 349 1082 Core 639 | . 144 90 405 Absorbed by Shields . | . . . . Redirected to Shielding 51 | . . 19 32 Core Remaining (%) 53 | 100 . 6 . Volleys Fired 110 | 2 67 22 19 Largest 2 | 2 2 2 2 Hottest 130 | 90 100 130 130 Shots Fired 143 | 4 84 26 29 Gun 126 | 4 74 26 22 Cannon 7 | . . . 7 Launcher 9 | . 9 . . Special 1 | . 1 . . Kinetic 37 | . 37 . . Thermal 88 | 2 31 26 29 Explosive 9 | . 9 . . Electromagnetic 9 | 2 7 . . Robot Hit Streak 6 | 2 6 6 5 Robot Miss Streak 5 | 1 5 3 3 Penetration Max . | . . . . Secondary Targets 2 | . 1 . 1 Max Gunslinging Chain 1 | . 1 . 1 Shots Hit Robots 78 | 2 42 17 17 Core Hits 47 | 2 20 11 14 Critical Kills . | . . . . Critical Parts Destroyed . | . . . . Critical Strikes 1 | . 1 . . Burn 1 | . 1 . . Melee Attacks . | . . . . Impact . | . . . . Slashing . | . . . . Piercing . | . . . . Sneak Attacks . | . . . . Combat Hostiles . | . . . . Follow-up Attacks . | . . . . Damage Inflicted 1405 | 24 869 224 288 Guns 816 | 24 368 223 201 Cannons 87 | . . . 87 Explosions 485 | . 485 . . Melee . | . . . . Ramming 17 | . 16 1 . Kinetic 179 | . 179 . . Thermal 658 | 12 135 223 288 Explosive 485 | . 485 . . Electromagnetic 66 | 12 54 . . Impact . | . . . . Slashing . | . . . . Piercing . | . . . . Highest Corruption 6 | . 6 6 . Average Corruption 5 | . 5 6 . Corruption Purged . | . . . . Corruption Blocked . | . . . . Effects 32 | . 16 16 . Message Errors 3 | . 2 1 . Matter Fused 8 | . 2 6 . Heat Flow Errors 4 | . 2 2 . Energy Discharges 5 | . 4 1 . Parts Rejected 1 | . . 1 . Parts Fused 2 | . 1 1 . Data Loss (minor) 7 | . 4 3 . Misfires 1 | . 1 . . Weapon Failures 1 | . . 1 . Overload Shots . | . . . . Overflow Damage 11 | . 11 . . Projectiles . | . . . . Explosions 11 | . 11 . . Melee . | . . . . Knockbacks . | . . . . Impact . | . . . . Kinetic . | . . . . Secondary . | . . . . Self-Inflicted Damage 75 | . 75 . . Shots 4 | . 4 . . Rammed . | . . . . Targets Rammed 8 | . 7 1 . Kicked 8 | . 7 1 . Crushed . | . . . . Highest Temperature 269 | 60 126 269 56 Average Temperature 57 | 31 50 78 21 Received Heat Transfer 522 | 6 102 189 225 Siege Activations . | . . . . Robots Corrupted . | . . . . Combat Hostiles . | . . . . Parts Fried 1 | . 1 . . Impact Corruptions . | . . . . Robots Melted . | . . . . Combat Hostiles . | . . . . Parts Melted . | . . . . Heat Transferred 1548 | 37 386 524 601 Parts Sabotaged . | . . . . Parts Stolen . | . . . . Parts Stripped . | . . . . Power Chain Reactions . | . . . . Alert | -11 -10 -10 -9 ------- Run | Yrd Mat Min Mat Peak Influence 291 | 20 291 256 45 Initial 47 | . 13 47 21 Average 130 | 3 168 143 16 Maximum Alert Level 1 | . 1 1 . Low Security (%) 74 | 100 63 75 100 Level 1 25 | . 36 24 . Level 2 . | . . . . Level 3 . | . . . . Level 4 . | . . . . Level 5 . | . . . . High Security . | . . . . Max Security . | . . . . Squads Dispatched 5 | . 5 . . Investigation 3 | . 3 . . Extermination . | . . . . Reinforcement 2 | . 2 . . Assault . | . . . . Garrison . | . . . . Intercept . | . . . . Searches Triggered . | . . . . Construction Impeded . | . . . . Haulers Reinforced . | . . . . Active Scanning Responses . | . . . . Cargo Convoy Interrupts . | . . . . Stealth | -11 -10 -10 -9 --------- Run | Yrd Mat Min Mat Distress Signals 2 | . 2 . . Communications Jammed . | . . . . Distress Signals . | . . . . Times Spotted 50 | 1 27 11 11 Peak Tracking Total 7 | 1 6 3 7 Tactical Retreats 2 | . 2 . . Traps | -11 -10 -10 -9 ------- Run | Yrd Mat Min Mat Traps Triggered 5 | . 5 . . Indirectly . | . . . . Trap Hack Attempts . | . . . . Triggered . | . . . . Disarmed . | . . . . Reprogrammed . | . . . . Reused . | . . . . Traps Extracted . | . . . . Installed . | . . . . Triggered . | . . . . Machines | -11 -10 -10 -9 ---------- Run | Yrd Mat Min Mat Machines Disabled 2 | . 2 . . Max in Single Turn 1 | . 1 . . Machines Repaired . | . . . . Machines Dismantled . | . . . . Machines Sabotaged . | . . . . Overloaded Fab Kills . | . . . . Hacking | -11 -10 -10 -9 --------- Run | Yrd Mat Min Mat Machines Accessed 8 | . 5 2 1 Terminals 6 | . 4 2 . Fabricators . | . . . . Repair Stations . | . . . . Recycling Units 1 | . 1 . . Scanalyzers 1 | . . . 1 Garrison Access . | . . . . Total Hacks 17 | . 13 2 2 Successful 13 | . 9 2 2 Failed 4 | . 4 . . Catastrophic . | . . . . Database Lockouts . | . . . . Manual . | . . . . Terminals 12 | . 10 2 . Fabricators . | . . . . Repair Stations . | . . . . Recycling Units 3 | . 3 . . Scanalyzers 2 | . . . 2 Garrison Access . | . . . . Terminal Hacks 9 | . 7 2 . Record 5 | . 4 1 . Alert Level 1 | . 1 . . Dispatch Records 2 | . 1 1 . Zone Layout 1 | . 1 . . Fabricator Hacks . | . . . . Repair Station Hacks . | . . . . Recycling Unit Hacks 2 | . 2 . . Recycle Component 2 | . 2 . . Scanalyzer 2 | . . . 2 Insert Component 1 | . . . 1 Analyze 1 | . . . 1 Garrison Access Hacks . | . . . . Unauthorized Hacks . | . . . . Terminals . | . . . . Fabricators . | . . . . Repair Stations . | . . . . Recycling Units . | . . . . Scanalyzers . | . . . . Garrison Access . | . . . . Data Cores Recovered . | . . . . Used . | . . . . Hacking Detections 6 | . 5 . 1 Full Trace Events 3 | . 3 . . Feedback Events . | . . . . Feedback Blocked . | . . . . Robot Schematics Acquired . | . . . . Robots Built . | . . . . Authchips . | . . . . Time . | . . . . Total Robot Build Rating . | . . . . Part Schematics Acquired 1 | . . . 1 Parts Built . | . . . . Authchips . | . . . . Time . | . . . . Total Part Build Rating . | . . . . Parts Repaired . | . . . . Time . | . . . . Parts Recycled 2 | . 2 . . Recycled Matter . | . . . . Retrieved Matter . | . . . . Retrieved Components . | . . . . Parts Scanalyzed 1 | . . . 1 Part Schematics Acquired 1 | . . . 1 Parts Damaged . | . . . . Bothacking | -11 -10 -10 -9 ------------ Run | Yrd Mat Min Mat Used RIF Installer . | . . . . Robots Hacked . | . . . . Non-combat . | . . . . Combat . | . . . . Robot Hacks Applied . | . . . . Relay Couplers Released . | . . . . Fabnet Peak Effective % . | . . . . Robots Rewired . | . . . . Allies Hacked . | . . . . Hacks Repelled . | . . . . Allies | -11 -10 -10 -9 -------- Run | Yrd Mat Min Mat Total Allies 2 | . . 2 . Largest Group 2 | . . 2 . Highest-Rated Group 51 | . . 51 . Highest-Rated Ally 31 | . . 31 . Total Orders . | . . . . Ally Attacks 22 | . . 22 . Total Damage 273 | . . 273 . Kills 3 | . . 3 . Allies Corrupted . | . . . . Allies Melted . | . . . . Intel | -11 -10 -10 -9 ------- Run | Yrd Mat Min Mat Robot Analysis Total . | . . . . Derelict Logs Recovered 1 | . . 1 . Drone Launches . | . . . . Drone Recoveries . | . . . . Exploration | -11 -10 -10 -9 ------------- Run | Yrd Mat Min Mat Turns Passed 1993 | 81 1003 591 318 Spaces Moved 1273 | 66 601 426 180 Core 27 | 23 . . 4 Treads . | . . . . Legs 1242 | 43 597 426 176 Wheels 4 | . 4 . . Hover . | . . . . Flight . | . . . . Fastest Speed 50 | 50 80 120 120 Average Speed 127 | 95 131 120 143 Slowest Speed 300 | 120 190 120 300 Overloaded Moves . | . . . . Propulsion Burnouts . | . . . . Robots Hopped . | . . . . Cave-ins Triggered . | . . . . Exploration Rate (%) 45 | 9 72 72 27 Regions Visited 3 Branch Regions 1 Pre-discovered Areas 1 | . . 1 . Known Exits Taken . | . . . . Unknown Exits Taken 3 | 1 1 1 . Scrap Searched 1 | . . 1 . Spaces Dug . | . . . . Terrain Destroyed 55 | . 55 . . Melee . | . . . . Projectile . | . . . . AOE 55 | . 55 . . Terrain Rammed . | . . . . Walls Destroyed . | . . . . Machines Disabled . | . . . . Actions | -11 -10 -10 -9 --------- Run | Yrd Mat Min Mat Total 1496 | 80 728 478 210 Wait 33 | . 19 14 . Move 1270 | 65 600 425 180 Hop . | . . . . Pick Up 33 | 8 15 6 4 Fast Attach . | . . . . Attach 23 | 5 9 2 7 Detach . | . . . . Swap 13 | . 9 4 . Drop 6 | . 2 4 . Fire 110 | 2 67 22 19 Melee . | . . . . Ram . | . . . . Kick 8 | . 7 1 . Crush . | . . . . Escape Stasis . | . . . . Rewire . | . . . . Trap . | . . . . Miscellaneous . | . . . . Route ------- -11/Scrapyard -10/Materials (discovered 2 exits: *Mat / *Min) -10/Mines -9/Materials History --------- Turn | Location | Event 2 | -11/Scrapyard | Met Revision 17 59 | -11/Scrapyard | Discovered new exit (range 8) 82 | -11/Scrapyard | Entered Materials 178 | -10/Materials | Lost 4 parts (1p1n2w) 321 | -10/Materials | Build established: Mutant 561 | -10/Materials | Discovered new exit (range 15) 820 | -10/Materials | Core integrity fell below 50% 862 | -10/Materials | Discovered new exit (range 9) 1085 | -10/Materials | Entered Mines 1094 | -10/Mines | Build established: Scavenger-Mutant 1243 | -10/Mines | Discovered new exit (range 7) 1308 | -10/Mines | Core integrity fell below 20% 1387 | -10/Mines | Learned 4 Materials zone layouts 1438 | -10/Mines | Learned location of Storage (-8) 1676 | -10/Mines | Entered Materials 1676 | -9/Materials | Evolved 2 slots: Propulsion x1, Utility x1 1869 | -9/Materials | Lost 4 parts (1p2n1w) 1982 | -9/Materials | Core integrity fell below 50% 1988 | -9/Materials | Core integrity fell below 20% 1994 | -9/Materials | Destroyed by G-34 Mercenary with Small Laser Last Messages --------------- Aluminum Leg destroyed. Particle Gun destroyed. K-01 Serf cleans the Fusion Modulator. S-10 Pest destroyed. Switching to secondary target: G-34 Mercenary. K-01 Serf collects debris. Sml. Laser destroyed. Critical hit (Burn: +37). S-10 Pest destroyed. Core Shielding destroyed. M-13 Machinist repairs G-34 Mercenary. Imp. Heat Sink destroyed. K-01 Serf collects debris. Acquired Lgt. Ion Engine. K-01 Serf collects debris. Lgt. Ion Engine destroyed. S-10 Pest destroyed. Spread Laser destroyed. Acquired Lgt. Ion Engine. M-13 Machinist repairs Y-45 Defender. Map ----- +----------------------------------------------------+ | " " #?????????????????????????? | | " % "##?????????????????????????? | | " "#?????????????????????????? | | # "######????????????# "" #??? | | " #????????????# #??? | | "#### #????????????# #??? | | ""#??# #????########## ##??? | | ###??# #????# # #???? | | " " ##????# #????# # #???? | | " " #?????# #????# # #???? | | # "########+###??# """ # #???? | | + " ?# #??# """ + #???? | | # "### """ #??# """ # #???? | | ### "#?#""""" #??# """ # #???? | | ??# " ##?#""""" #??# """ # #???? | | ??###########??#""""" #??# + #???? | | ???????????????# """ #??###+######## #???? | | ???????????????# #????# #??????# #???? | | ???????????????# ! #????# #??????# #???? | | ???????????????# #????# #??????# #???? | | ???????????????#####+######### ######## #???? | | ??????????????????# "T" #???? | | ??????????????????# ######## #???? | | ????????????" + %##/######## #???? | | ???????????"" ##### ##Y[% !! # ###?? | | ??????????????????# ##=@m !! # """ #?? | | ?????????????????? # s= ! # """ #?? | | ????????????????? !! #gs # """ #?? | | ???????????????? !%[ k #???????????? | | ??????????????? [= # """ ""#???????????? | | ??????????????#### # """ T"#???????????? | | ?????????????????## ## """ ""#???????????? | | ??????????????????# ## #???????????? | | ??????????????????# ?##+#######???????????? | | ??????????????????# ??????????????????????? | | ??????????????????# ??????????????????????? | | ?????????????????? ??????????????????????? | | ?????????????????#??????????????????????????? | | ????????????????????????????????????????????? | | ????????????????????????????????????????????? | | ????????????????????????????????????????????? | | ????????????????????????????????????????????? | | ????????????????????????????????????????????? | | ????????????????????????????????????????????? | | ????????????????????????????????????????????? | | ????????????????????????????????????????????? | | ????????????????????????????????????????????? | | ????????????????????????????????????????????? | | ????????????????????????????????????????????? | | ????????????????????????????????????????????? | +----------------------------------------------------+ Best States ------------- Heat Dissipation 42 Energy Generation 10 Energy Capacity 250 Matter Stores 321 Matter Capacity 400 Sight Range 16 Terrain Scan Density 10 Armor Coverage 80 Core Shielding 20 Evasion (%) 55 Item Schematics ----------------- Sml. Laser | -9/Materials | Scanalyzed Robot Schematics ------------------ None Fabricated ------------ Nothing Alien Tech Used ----------------- None Achievements -------------- Close Call One Hack Too Far Uninvited Guest Challenges ------------ None Game ------ Seed TachyonMobileTerminator Manual? 0 Play Time 00:23:05 Cumulative 0.6 hours Start 2024.04.16 @ 20:00:49 End 2024.04.16 @ 20:24:08 Sessions 1 Manual Loads 0 Difficulty Rogue Special Mode None Game No. 2 Rogue 2 Adventurer 0 Explorer 0 Win Type - Total 0 Types 0/0/0/0/0/0/0/0/0 Lore% 0 Gallery% 2 Achievement% 3 Wizard Run 0 Options --------- Layout 1 ASCII 0 Keyboard 0 Movement Arrows Keybinds 0 Fullscreen 2 Font 32/SmallcapsGlow Map View 50x35 Zoom Use 0% Tactical HUD 0 Map Filters NONE Filters NONE Steam 1 RUN: 46958808-7e0c-43ba-a134-ad560956c4b1